 Dungeon Crawl Stone Soup version 0.20-a0-540-ge6d1839 (webtiles) character file.

18488 HEYYEYAAE the Basher (level 12, -13/116 (118) HPs)
             Began as a Troll Berserker on Jan 30, 2017.
             Was a High Priest of Trog.
             Killed from afar by an ice dragon (38 damage)
             ... with a blast of cold
             ... on level 14 of the Dungeon.
             The game lasted 00:19:37 (10777 turns).

HEYYEYAAE the Basher (Troll Berserker)             Turns: 10777, Time: 00:19:39

HP:   -13/116 (118) AC:  5    Str: 32    XL:     12   Next: 28%
MP:   15/15         EV: 18    Int:  3    God:    Trog [*****.]
Gold: 935           SH:  0    Dex:  9    Spells: 11/11 levels left

rFire    . . .     SeeInvis .   P - +10 mace "Wotas" {crush, rN+}
rCold    . . .     Gourm    +   b - +0 animal skin
rNeg     + . .     Faith    +   (no shield)
rPois    .         Spirit   .   (helmet restricted)
rElec    .         Reflect  .   (no cloak)
rCorr    .         Harm     .   (gloves unavailable)
MR       +....                  (boots unavailable)
Stlth    +.........             t - amulet of faith
Regen    0.7/turn               u - ring of protection from magic
                                s - +6 ring of evasion

@: very slightly contaminated, invisible
A: unfitting armour, claws 3, fast metabolism 3, gourmand, regeneration 1,
shaggy fur 1, tough skin 2
a: Berserk, Trog's Hand, Brothers in Arms, Burn Spellbooks, Renounce Religion


You were on level 14 of the Dungeon.
You worshipped Trog.
Trog was extremely pleased with you.
You were very full.

You visited 2 branches of the dungeon, and saw 15 of its levels.
You also visited: Sewer.

You collected 962 gold pieces.
You spent 27 gold pieces at shops.

Inventory:

Hand Weapons
 G - a +2 rapier of venom
 K - the +4 giant spiked club of Harmony {freeze, MR+}
   (Trog gifted it to you on level 12 of the Dungeon)

   It has been specially enchanted to freeze those struck by it, causing extra
   injury to most foes and up to half again as much damage against particularly
   susceptible opponents.
   It can also slow down cold-blooded creatures.
   It affects your resistance to hostile enchantments.
 P - the +10 mace "Wotas" (weapon) {crush, rN+}
   (You found it on level 8 of the Dungeon)

   It inflicts extra damage upon your enemies.
   It protects you from negative energy.
Missiles
 e - 11 large rocks (quivered)
 R - 8 steel javelins
 W - 7 javelins of returning
Armour
 b - a +0 animal skin (worn)
Jewellery
 i - an uncursed ring of protection from cold
 s - a +6 ring of evasion (left claw)
 t - an amulet of faith (around neck)
 u - a ring of protection from magic (right claw)
 U - an uncursed ring of positive energy
Wands
 q - a wand of digging (10/24)
 B - a wand of polymorph (8/24)
 D - a wand of paralysis (0/24)
 O - a wand of acid (3/15)
 V - a wand of acid (0/15)
Scrolls
 d - 3 scrolls of recharging
 g - 6 scrolls of teleportation
 p - 2 scrolls of enchant armour
 H - a scroll of brand weapon
 I - a scroll of silence {unknown}
 L - 2 scrolls of blinking {unknown}
 M - 2 scrolls of magic mapping
 S - a scroll of torment {unknown}
 X - a scroll of remove curse
Potions
 f - 6 potions of curing
 j - a potion of magic
 k - a potion of might {unknown}
 n - 3 potions of lignification
 v - 4 potions of degeneration
 w - 2 potions of flight
 x - a potion of beneficial mutation {unknown}
 z - 3 potions of brilliance
 C - 4 potions of berserk rage
 E - 2 potions of agility
 F - 2 potions of ambrosia {unknown}
 Q - 2 potions of heal wounds {unknown}
 T - 2 potions of cancellation {unknown}
 Y - a potion of resistance {unknown}
 Z - a potion of haste {unknown}
Books
 a - a book of Minor Magic

   Spells                             Type                      Level
   a - Magic Dart                     Conjuration                  1
   b - Blink                          Translocation                2
   c - Call Imp                       Summoning                    2
   d - Repel Missiles                 Charms/Air                   2
   e - Slow                           Hexes                        2
   f - Conjure Flame                  Conjuration/Fire             3
   g - Mephitic Cloud                 Conjuration/Poison/Air       3
   Trog disapproves of the use of such an item.
Miscellaneous
 m - a phial of floods
 y - a lamp of fire (inert)
 A - a box of beasts
 J - a fan of gales
Comestibles
 c - 16 bread rations
 h - 5 meat rations
 o - 7 royal jellies
 r - 23 fruits
 N - 4 chunks of flesh


   Skills:
 + Level 7.0 Fighting
 + Level 10.3 Maces & Flails
 + Level 8.3 Throwing
 + Level 6.0 Armour
 + Level 6.7 Dodging
 + Level 5.4 Evocations


You had 11 spell levels left.
You didn't know any spells.

Dungeon Overview and Level Annotations

Branches:
Dungeon (14/15)            Temple (0/1) D:5            Lair (0/6) D:8
    Orc (1/2) D:10
 Vaults: D:13-14

Altars:
Ashenzari
Cheibriados
Gozag
Hepliaklqana
Kikubaaqudgha
Makhleb
Nemelex Xobeh
Okawaru
Uskayaw
Xom
Yredelemnul
The Shining One

Shops:
D:4 %   D:6 *


Innate Abilities, Weirdness & Mutations

You are too large for most types of armour.
You have claws for hands.
Your metabolism is lightning-fast.
You like to eat raw meat.
Your natural rate of healing is unusually fast.
You are covered in fur. (AC +1)
You have very tough skin. (AC +2)


Message History

Your troll bites the ice dragon but does no damage.
Your troll claws the ice dragon but does no damage.
Your troll barely misses the ice dragon.
Your troll barely misses the ice dragon.
Your troll claws the ice dragon!
Your troll claws the ice dragon but does no damage.
Something bites your troll! Something claws your troll!
Something barely misses your troll.
Okay, then.
Okay, then.
Your troll bites the ettin.
Your troll claws the ettin! x2
The ettin closely misses your troll.
The ettin hits your troll with a great mace!
You hear two shouts!
You hear the urgent ticking of a very distant clock.
You fade into invisibility!
You are very lightly contaminated with residual magic.
The ice dragon breathes frost at something.
The blast of cold hits you!
You die...

,*######.......#.#
,,...............#
#+######.........#
(......#..#......#
.......#..#......#
.................#
......##########.#
##....#........#.#
*#....#.#####..#@#
*#..(.#,*,,,#..#.#
*#....#,+,,∩#D.#.#
*#....#######T.#.#
*#....†.....C..#.#
*#....##...#####D#
*#.........D...C.#
*#W.......#......#
*#####+####......#


You could see an ice dragon and an ettin.

Vanquished Creatures
  A hydra (D:14)
  A centaur warrior (D:14)
  3 two-headed ogres
  Sonja (D:13)
  An unseen horror (D:13)
  2 deep elf magi
  A manticore (D:11)
  A cyclops (D:13)
  Joseph (D:7)
  A centaur skeleton (D:10)
  The ghost of Nico3ck the Firebug, a novice FoFE (D:5)
  A troll (D:12)
  3 hippogriffs
  4 hogs (D:7)
  Eustachio (D:6)
  15 yaks
  2 humans
  2 hungry ghosts
  A soldier ant (D:13)
  A water moccasin (D:10)
  A porcupine (D:8)
  2 black bears
  4 ice beasts
  2 sky beasts
  6 orc warriors
  3 phantoms
  2 necrophages
  An eye of draining (D:8)
  6 ogres
  12 centaurs
  A crocodile (D:7)
  16 bullfrogs
  2 wyvern zombies (D:12)
  4 big kobolds
  A scorpion (D:8)
  A water moccasin skeleton (D:9)
  A howler monkey (D:11)
  2 bullfrog zombies
  5 crimson imps
  4 hounds
  A quasit (D:13)
  2 jellies
  10 orc priests
  2 bullfrog skeletons
  4 iguanas
  7 orc wizards
  5 worker ants
  A hound skeleton (D:7)
  A worker ant zombie (D:7)
  3 gnolls (D:9)
  14 adders
  2 river rats (Sewer)
  2 shadow imps
  2 oozes
  2 adder zombies
  3 adder skeletons
  A worm (D:2)
  3 dart slugs
  9 leopard geckos
  41 orcs
  2 ball pythons
  6 giant cockroaches
  7 goblins
  5 hobgoblins
  10 jackals
  6 quokkas
  2 bats
  2 frilled lizards
  23 kobolds
  2 leopard gecko skeletons (D:4)
  7 rats
307 creatures vanquished.

Vanquished Creatures (collateral kills)
  An ugly thing (D:11)
  A freezing wraith (D:13)
  5 yaks
  A hungry ghost (D:11)
  A scorpion (D:4)
  2 orc wizards (D:4)
  A worker ant (D:14)
  An adder (D:4)
  2 orcs (D:4)
15 creatures vanquished.

Vanquished Creatures (others)
  An orc (D:4)
  5 fungi (D:8)
6 creatures vanquished.

Grand Total: 328 creatures vanquished

Notes
Turn   | Place    | Note
-------+----------+-------------------------------------------
     0 | D:1      | HEYYEYAAE the Troll Berserker began the quest for the Orb.
     0 | D:1      | Reached XP level 1. HP: 22/22 MP: 0/0
   124 | D:1      | Reached skill level 3 in Maces & Flails
   131 | D:1      | Reached XP level 2. HP: 29/29 MP: 1/1
   291 | D:1      | Reached skill level 1 in Throwing
   938 | D:2      | Reached XP level 3. HP: 16/36 MP: 2/2
  1489 | D:3      | Reached ** piety under Trog
  1624 | D:3      | Reached XP level 4. HP: 43/44 MP: 3/3
  1643 | D:3      | Reached skill level 4 in Maces & Flails
  2119 | D:3      | Noticed a bullfrog
  2129 | D:3      | Killed a bullfrog
  2129 | D:3      | Reached XP level 5. HP: 50/50 MP: 4/4
  2186 | D:4      | Reached skill level 5 in Maces & Flails
  2431 | D:4      | Found Qemmief's Food Emporium.
  2443 | D:4      | Reached XP level 6. HP: 59/59 MP: 5/5
  2687 | D:4      | Found a snail-covered altar of Cheibriados.
  2704 | D:4      | Found a hazy altar of Hepliaklqana.
  3053 | D:4      | Found a glowing golden altar of the Shining One.
  3107 | D:5      | Entered Level 5 of the Dungeon
  3264 | D:5      | Found a glowing drain.
  3286 | Sewer    | Entered a sewer
  3395 | Sewer    | Reached *** piety under Trog
  3434 | Sewer    | Found a glowing silver altar of Zin.
  3579 | D:5      | Noticed Nico3ck's ghost (novice FoFE)
  3594 | D:5      | Killed Nico3ck's ghost
  3594 | D:5      | Reached skill level 6 in Maces & Flails
  3594 | D:5      | Reached XP level 7. HP: 66/66 MP: 6/6
  3692 | D:5      | Found a basalt altar of Yredelemnul.
  3708 | D:5      | Found a staircase to the Ecumenical Temple.
  3931 | D:5      | Reached skill level 7 in Maces & Flails
  4064 | D:5      | Found a sparkling altar of Nemelex Xobeh.
  4064 | D:5      | Found an opulent altar of Gozag.
  4159 | D:6      | Noticed Eustachio
  4168 | D:6      | Killed Eustachio
  4168 | D:6      | Reached XP level 8. HP: 29/74 MP: 7/7
  4590 | D:6      | Reached skill level 5 in Throwing
  4600 | D:6      | Reached skill level 1 in Armour
  4623 | D:6      | Found Fascheask's Assorted Antiques.
  4626 | D:6      | Bought a scroll labeled QAFIV JOCLA for 27 gold pieces
  5056 | D:7      | Reached skill level 1 in Evocations
  5086 | D:7      | Reached **** piety under Trog
  5086 | D:7      | Reached skill level 8 in Maces & Flails
  5103 | D:7      | Noticed Joseph
  5123 | D:7      | Killed Joseph
  5123 | D:7      | Reached XP level 9. HP: 36/81 MP: 7/9
  5366 | D:7      | Found an ancient bone altar of Kikubaaqudgha.
  5564 | D:7      | Received a gift from Trog
  5807 | D:8      | Got a dazzling mace
  5996 | D:8      | Found a staircase to the Lair.
  6141 | D:8      | Reached XP level 10. HP: 72/92 MP: 11/11
  6142 | D:8      | Found a burning altar of Makhleb.
  6143 | D:8      | Found an iron altar of Okawaru.
  6149 | D:8      | Received a gift from Trog
  6150 | D:8      | Found a shimmering altar of Xom.
  6281 | D:8      | Found a shattered altar of Ashenzari.
  6639 | D:8      | Found a hide-covered altar of Uskayaw.
  6858 | D:8      | Identified the +10 mace "Wotas" {crush, rN+} (You found it on level 8 of the Dungeon)
  7145 | D:9      | Noticed a two-headed ogre
  7151 | D:9      | Killed a two-headed ogre
  7151 | D:9      | Reached skill level 9 in Maces & Flails
  7241 | D:9      | Reached ***** piety under Trog
  7508 | D:9      | Reached skill level 5 in Fighting
  7508 | D:9      | Reached skill level 5 in Dodging
  7553 | D:10     | Entered Level 10 of the Dungeon
  7597 | D:10     | Received a gift from Trog
  7608 | D:10     | Found a staircase to the Orcish Mines.
  7609 | D:10     | Noticed a two-headed ogre
  7795 | D:10     | Reached XP level 11. HP: 81/102 MP: 13/13
  7882 | D:10     | Killed a two-headed ogre
  7882 | D:10     | Received a gift from Trog
  8255 | Orc:1    | Entered Level 1 of the Orcish Mines
  8381 | D:11     | Noticed a green ugly thing
  8383 | D:11     | Reached skill level 5 in Armour
  8388 | D:11     | Killed a green ugly thing
  8953 | D:12     | Noticed a two-headed ogre
  8962 | D:12     | Killed a two-headed ogre
  9027 | D:12     | Found an iron altar of Okawaru.
  9121 | D:12     | Received a gift from Trog
  9144 | D:12     | Got a transparent giant spiked club {god gift}
  9322 | D:12     | Noticed a deep elf mage
  9332 | D:12     | Killed a deep elf mage
  9332 | D:12     | Reached skill level 5 in Evocations
  9398 | D:12     | Reached skill level 10 in Maces & Flails
  9399 | D:12     | Identified the +4 giant spiked club of Harmony {freeze, MR+} (Trog gifted it to you on level 12 of the Dungeon)
  9645 | D:13     | Noticed Sonja
  9659 | D:13     | Killed Sonja
 10055 | D:13     | Reached XP level 12. HP: 103/113 MP: 14/14
 10568 | D:14     | Noticed a centaur warrior
 10568 | D:14     | Noticed a centaur warrior
 10568 | D:14     | Noticed an ogre mage
 10584 | D:14     | Noticed a centaur warrior
 10588 | D:14     | Killed a centaur warrior
 10634 | D:14     | Noticed a five-headed hydra
 10643 | D:14     | Killed a five-headed hydra
 10755 | D:14     | Noticed an ice dragon
 10755 | D:14     | Noticed an ettin
 10777 | D:14     | Killed from afar by an ice dragon

Vault maps used:
D:1:      minmay_arrival_open_corners, bh_walls_and_bars
D:2:      kennysheep_big_flooded_room, first_bread
D:3:      minmay_checkerbox
D:4:      kennysheep_slug_shrine, nicolae_tso_swordbearing_angel,
          nicolae_overflow_hidden_temple, serial_shops, nicolae_shop_stone,
          serial_co_window_serial, co_window_paths_b, co_window_corner_a,
          co_window_paths_b, co_window_paths_a, co_window_paths_a,
          co_window_unsneaky_path_e, co_window_corner_ca, co_window_broadway_c,
          co_window_unsneaky_path_b, co_window_paths_e, grunt_ministairs_1,
          hangedman_decor_clover_reticule, minmay_misc_feat_plants
D:5:      grunt_temple_overflow_opulence, overflow_temple_1_default,
          minmay_temple_entry_poolview, portal_sewer_entry_d, minivault_5,
          minmay_holes
D:6:      serial_shops, shop, uniq_eustachio
D:7:      kiku_gazebo_pond_becter, grunt_livestock, uniq_joseph
D:8:      gammafunk_temple_overflow_claw, ashenzari_altar_1,
          eat_drink_and_be_merry_uskayaw, grunt_lair_entry_orc_guard_hut
D:9:      grunt_ministairs_1, mrwooster_statue_mirror, dk_vineyard_2
D:10:     erik_orc_4
D:12:     basic_altar
D:13:     hangedman_abyss_or_decor_lesser_grid, uniq_sonja
D:14:     minmay_connected_triangles_in_corner, david_vaults_4,
          lab_entry_generic, hangedman_abyss_or_decor_stagger
Orc:1:    nicolae_orc_damp_corner, nicolae_orc_flooded_monolith,
          minmay_orc_treasury, uniq_nergalle
Sewer:    sewer_kobolds

Skill      XL: |  1  2  3  4  5  6  7  8  9 10 11 12 |
---------------+-------------------------------------+-----
Maces & Flails | 3 4 5 6 7 8 9 10 | 10.3
Throwing       | 1 2 3 4 5 6 7 8 |  8.3
Armour         | 2 3 4 5 6 |  6.0
Evocations     | 1 3 4 5 |  5.4
Fighting       | 3 4 5 6 7 |  7.0
Dodging        | 3 4 5 6 |  6.7

Action                   |  1- 3 |  4- 6 |  7- 9 | 10-12 || total
-------------------------+-------+-------+-------+-------++-------
Melee: Mace              |   188 |   184 |    61 |   351 ||   784
       Rapier            |       |       |   205 |    99 ||   304
Throw: Large rock        |       |       |     1 |       ||     1
Invok: Berserk           |     3 |     6 |     5 |    12 ||    26
       Brothers in Arms  |       |       |       |     3 ||     3
Evoke: Phial of floods   |       |     1 |     1 |     1 ||     3
       Wand              |       |     1 |     2 |    43 ||    46
       Lamp of fire      |       |       |       |     1 ||     1
  Use: Scroll            |     6 |     8 |     4 |    14 ||    32
       Potion            |       |       |       |     1 ||     1
 Stab: Paralysed         |       |       |    11 |    30 ||    41
       Sleeping          |       |       |     1 |       ||     1
  Eat: Chunk             |    24 |    17 |    36 |    57 ||   134
Armor: Animal skin       |    89 |    62 |    41 |    71 ||   263
Dodge: Dodged            |   124 |   135 |   190 |   356 ||   805
